 Dungeon Crawl Stone Soup version 0.20.0-8-g6b59dc7 (webtiles) character file.

9693 mopl the Destroyer (level 11, -2/61 HPs)
             Began as a Tengu Fire Elementalist on May 30, 2017.
             Was a Priest of Vehumet.
             Slain by a sixfirhy (8 damage)
             ... summoned by an orc sorcerer
             ... on level 1 of the Orcish Mines.
             The game lasted 00:29:08 (10310 turns).

mopl the Destroyer (Tengu Fire Elementalist)       Turns: 10310, Time: 00:29:09

Health: -2/61      AC:  9    Str:  9    XL:     11   Next: 50%
Magic:  7/23       EV: 15    Int: 18    God:    Vehumet [***...]
Gold:   812        SH:  5    Dex: 15    Spells: 9/25 levels left

rFire    . . .     SeeInvis .   a - +1 dagger (elec)
rCold    . . .     Gourm    +   n - +0 buckler
rNeg     . . .     Faith    .   Q - +1 robe {MR+}
rPois    +         Spirit   .   (helmet restricted)
rElec    .         Reflect  .   (no cloak)
rCorr    .         Harm     .   P - +0 pair of gloves
MR       +....                  (boots unavailable)
Stlth    ++........             J - amulet of the gourmand
Regen    0.2/turn               T - +5 ring of protection
MPRegen  0.2/turn               u - ring of poison resistance

@: no status effects
A: beak, talons 3, able to fly 1
a: Fly, Renounce Religion


You were on level 1 of the Orcish Mines.
You worshipped Vehumet.
Vehumet was most pleased with you.
You were full.

You visited 3 branches of the dungeon, and saw 12 of its levels.

You collected 812 gold pieces.

Inventory:

Hand Weapons
 a - a +1 dagger of electrocution (weapon)
 o - a +4 scimitar of flaming
 t - a +0 broad axe
Missiles
 v - 2 throwing nets (quivered)
Armour
 n - a +0 buckler (worn)
 y - a +0 troll leather armour
 H - a +0 leather armour of magic resistance
 O - a +3 leather armour of positive energy
 P - a +0 pair of gloves (worn)
 Q - a +1 robe of magic resistance (worn)
Jewellery
 q - an uncursed ring of positive energy
 u - a ring of poison resistance (right hand)
 w - an uncursed ring of protection from cold
 x - an uncursed amulet of regeneration
 J - an amulet of the gourmand (around neck)
 T - a +5 ring of protection (left hand)
Wands
 s - a wand of iceblast (4/15)
 E - a wand of flame (27/48)
 R - a wand of acid (15/15)
Scrolls
 d - 7 scrolls of enchant weapon
 e - a scroll of recharging
 h - 6 scrolls of teleportation
 l - a scroll of enchant armour
 B - a scroll of fog
 C - a scroll of fear {unknown}
 D - a scroll of magic mapping
 G - a scroll of immolation
 L - a scroll of summoning {unknown}
 M - a scroll of torment {unknown}
Potions
 f - 2 potions of might
 i - 3 potions of curing
 m - 5 potions of haste {unknown}
 p - 2 potions of heal wounds
 z - a potion of agility {unknown}
 A - a potion of berserk rage {!q}
 F - 3 potions of lignification {!q}
 I - a potion of resistance
Books
 b - a book of Flames

   Spells                             Type                      Level
   a - Flame Tongue                   Conjuration/Fire             1
   b - Throw Flame                    Conjuration/Fire             2
   c - Conjure Flame                  Conjuration/Fire             3
   d - Inner Flame                    Hexes/Fire                   3
   e - Sticky Flame                   Conjuration/Fire             4
   f - Fireball                       Conjuration/Fire             5
 K - a book of Misfortune

   Spells                             Type                      Level
   a - Confusing Touch                Hexes                        1
   b - Confuse                        Hexes                        3
   c - Gell's Gravitas                Translocation                3
   d - Petrify                        Transmutation/Earth          4
   e - Metabolic Englaciation         Hexes/Ice                    5
   f - Yara's Violent Unravelling     Hexes/Transmutation          5
Miscellaneous
 g - a sack of spiders
Comestibles
 c - 14 bread rations
 j - 4 fruits
 k - 14 meat rations
 r - 2 royal jellies
 N - a chunk of flesh


   Skills:
 + Level 4.1 Fighting
 + Level 5.1 Dodging
 - Level 2.0 Stealth
 - Level 4.1 Shields
 * Level 7.9 Spellcasting
 * Level 12.4 Conjurations
 * Level 11.1 Fire Magic


You had 9 spell levels left.
You knew the following spells:

 Your Spells              Type           Power        Failure   Level  Hunger
a - Flame Tongue          Conj/Fire      #####        1%          1    None
c - Conjure Flame         Conj/Fire      #####...     1%          3    #......
d - Sticky Flame          Conj/Fire      #####...     1%          4    ###....
f - Fireball              Conj/Fire      #####.....   1%          5    #####..
h - Inner Flame           Hex/Fire       ####....     1%          3    #......


Dungeon Overview and Level Annotations

Branches:
Dungeon (10/15)            Temple (1/1) D:7            Lair (0/6) D:10
    Orc (1/2) D:10

Altars:
Cheibriados
Elyvilon
Fedhas
Nemelex Xobeh
Okawaru
Qazlal
Ru
Vehumet
Xom
Yredelemnul
Zin
The Shining One

Shops:
D:9 (=   Orc:1 (


Innate Abilities, Weirdness & Mutations

You have a beak for a mouth.
You have claws for feet.
You can fly.


Message History

The sixfirhy hits you! The sixfirhy shocks you!
The sixfirhy completely misses you. The sixfirhy barely misses you.
The sixfirhy hits you! The sixfirhy shocks you! The sixfirhy misses you.
The sixfirhy hits you.
* * * LOW HITPOINT WARNING * * *
The sixfirhy shocks you!
* * * LOW HITPOINT WARNING * * *
Throwing (i - inventory):
v - 3 throwing nets (quivered)
Press: ? - help, Shift-Dir - straight line, f - sixfirhy
Aim: a sixfirhy (heavily wounded, summoned)
You throw a throwing net.
The throwing net closely misses the sixfirhy.
The throwing net hits the orc sorcerer.
The orc sorcerer is caught in the net!
The orc sorcerer struggles against the net.
The orc sorcerer struggles against the net.
Things that are here:
a whip; an orc skeleton The sixfirhy hits you!
You die...

#.......#....## ##..##...o....##
##### ##........4.....# ##.#.##
#..........#.#.## #.....#
##.#......4.).#.###..#.##
###.....>..)...........#
##.##...................###
#.........3...............#
##........@...).#.#........
##....................##.# ###
#...................##### ##.##
##.#.............#.##
#...###.#...............#.##
##..##.....................#
#.........##.......#......#
#####..#.....##.......#......####
#.##................>.........##.


You could see an ice devil, a sixfirhy, an orc sorcerer (caught) and a red
devil.

Vanquished Creatures
  Erica (D:9)
  A two-headed ogre (D:8)
  A cyclops (Orc:1)
  3 trolls
  Prince Ribbit (D:9)
  7 spriggans (D:9)
  Sigmund (D:6)
  2 wyverns (D:8)
  A steam dragon (D:8)
  Eustachio (D:6)
  A warg (Orc:1)
  Duvessa (D:7)
  A water moccasin (D:9)
  4 porcupines (D:10)
  A black bear (D:10)
  4 orc warriors
  5 sky beasts
  3 centaurs
  8 ogres
  A crocodile (D:10)
  A big kobold (D:9)
  8 bullfrogs
  Dowan (D:7)
  3 killer bees (D:8)
  4 wights (D:8)
  3 howler monkeys
  4 crimson imps
  A centaur zombie (D:6)
  A quasit (D:6)
  A bullfrog zombie (D:9)
  6 hounds
  3 bullfrog skeletons
  6 orc priests
  A centaur skeleton (D:8)
  Terence (D:3)
  3 iguanas
  10 orc wizards
  12 worker ants
  A killer bee zombie (D:7)
  A hound zombie (D:9)
  A hound skeleton (D:5)
  3 worker ant zombies
  Robin (D:4)
  4 gnolls (D:7)
  9 adders
  A shadow imp (D:5)
  2 oozes
  6 adder skeletons
  3 worms (D:2)
  8 leopard geckos
  29 orcs
  8 bats
  9 giant cockroaches
  12 goblins
  15 hobgoblins
  14 jackals
  5 quokkas
  3 ball pythons
  4 frilled lizards
  5 kobolds
  5 rats
  2 fungi (D:10)
268 creatures vanquished.

Vanquished Creatures (others)
  18 fungi (D:10)
  2 plants (D:10)
20 creatures vanquished.

Grand Total: 288 creatures vanquished

Notes
Turn   | Place    | Note
-------+----------+-------------------------------------------
     0 | D:1      | mopl the Tengu Fire Elementalist began the quest for the Orb.
     0 | D:1      | Reached XP level 1. HP: 10/10 MP: 4/4
   138 | D:1      | Reached skill level 2 in Conjurations
   169 | D:1      | Reached XP level 2. HP: 12/15 MP: 1/6
  1013 | D:2      | Reached skill level 3 in Conjurations
  1013 | D:2      | Reached XP level 3. HP: 18/19 MP: 1/7
  1037 | D:1      | Learned a level 3 spell: Conjure Flame
  1439 | D:2      | Reached XP level 4. HP: 17/24 MP: 0/8
  1733 | D:3      | Reached skill level 4 in Fire Magic
  1865 | D:3      | Reached skill level 1 in Shields
  1922 | D:3      | Reached skill level 4 in Conjurations
  2207 | D:3      | Found a faded altar of an unknown god.
  2580 | D:3      | Noticed Terence
  2596 | D:3      | Killed Terence
  2596 | D:3      | Gained mutation: You can fly. [Tengu growth]
  2596 | D:3      | Reached XP level 5. HP: 7/28 MP: 1/9
  2671 | D:3      | Learned a level 4 spell: Sticky Flame
  3085 | D:4      | Reached skill level 5 in Conjurations
  3085 | D:4      | Reached XP level 6. HP: 7/32 MP: 6/11
  3091 | D:4      | Reached skill level 5 in Fire Magic
  3238 | D:4      | Reached skill level 3 in Spellcasting
  3254 | D:4      | Noticed Robin
  3382 | D:4      | Killed Robin
  3489 | D:4      | Reached skill level 2 in Shields
  3741 | D:5      | Entered Level 5 of the Dungeon
  3813 | D:5      | Reached XP level 7. HP: 9/36 MP: 7/12
  3908 | D:5      | Reached skill level 6 in Conjurations
  4284 | D:5      | Reached skill level 6 in Fire Magic
  4371 | D:5      | Found a stormy altar of Qazlal.
  4424 | D:5      | Found a sacrificial altar of Ru.
  4427 | D:5      | Found a shimmering altar of Xom.
  4430 | D:5      | Found a glowing silver altar of Zin.
  4983 | D:6      | Reached skill level 7 in Conjurations
  4983 | D:6      | Reached XP level 8. HP: 20/41 MP: 5/14
  4996 | D:6      | Learned a level 5 spell: Fireball
  5102 | D:6      | Reached skill level 3 in Shields
  5177 | D:6      | Noticed Sigmund
  5209 | D:6      | Noticed Eustachio
  5218 | D:6      | Killed Sigmund
  5218 | D:6      | Reached skill level 4 in Spellcasting
  5582 | D:6      | Killed Eustachio
  5582 | D:6      | Reached skill level 8 in Conjurations
  5582 | D:6      | Reached skill level 7 in Fire Magic
  5695 | D:7      | Found a staircase to the Ecumenical Temple.
  5722 | Temple   | Entered the Ecumenical Temple
  5733 | Temple   | Became a worshipper of Vehumet
  5881 | D:7      | Reached XP level 9. HP: 31/45 MP: 4/16
  6072 | D:7      | Noticed Dowan
  6073 | D:7      | Noticed Duvessa
  6079 | D:7      | Killed Duvessa
  6079 | D:7      | Reached skill level 4 in Shields
  6079 | D:7      | Reached skill level 9 in Conjurations
  6079 | D:7      | Reached skill level 8 in Fire Magic
  6079 | D:7      | Killed Dowan
  6418 | D:8      | Noticed a two-headed ogre
  6427 | D:8      | Killed a two-headed ogre
  6427 | D:8      | Reached skill level 5 in Spellcasting
  6427 | D:8      | Reached skill level 10 in Conjurations
  6433 | D:8      | Learned a level 3 spell: Inner Flame
  6595 | D:8      | Reached skill level 1 in Fighting
  6595 | D:8      | Reached skill level 9 in Fire Magic
  6744 | D:8      | Reached * piety under Vehumet
  6744 | D:8      | Offered knowledge of Sting by Vehumet.
  6860 | D:8      | Reached skill level 3 in Dodging
  6860 | D:8      | Reached XP level 10. HP: 32/52 MP: 14/19
  7073 | D:8      | Found a snail-covered altar of Cheibriados.
  7309 | D:8      | Reached skill level 6 in Spellcasting
  7633 | D:9      | Found Xyfih's Jewellery Shop.
  7719 | D:9      | Reached skill level 11 in Conjurations
  7779 | D:9      | Reached skill level 2 in Fighting
  7832 | D:9      | Found Tumuxzut's Antique Weapon Emporium.
  7960 | D:9      | Noticed Prince Ribbit
  7997 | D:9      | Killed Prince Ribbit
  8008 | D:9      | Noticed Erica
  8197 | D:9      | Killed Erica
  8197 | D:9      | Reached skill level 4 in Dodging
  8197 | D:9      | Reached skill level 10 in Fire Magic
  8219 | D:9      | Offered knowledge of Searing Ray by Vehumet.
  8416 | D:9      | Reached ** piety under Vehumet
  8562 | D:9      | Reached skill level 7 in Spellcasting
  8577 | D:9      | Reached skill level 3 in Fighting
  8618 | D:9      | Reached XP level 11. HP: 57/60 MP: 16/22
  8743 | D:9      | Reached skill level 12 in Conjurations
  8964 | D:10     | Entered Level 10 of the Dungeon
  9005 | D:10     | Found a staircase to the Lair.
  9292 | D:10     | Noticed a six-headed hydra
  9413 | D:10     | Found a staircase to the Orcish Mines.
  9419 | Orc:1    | Entered Level 1 of the Orcish Mines
  9419 | Orc:1    | Found Suukk's Weapon Shoppe.
  9467 | Orc:1    | Offered knowledge of Throw Frost by Vehumet.
  9831 | Orc:1    | Noticed a cyclops
  9859 | Orc:1    | Reached skill level 5 in Dodging
  9859 | Orc:1    | Reached skill level 11 in Fire Magic
 10126 | Orc:1    | Killed a cyclops
 10126 | Orc:1    | Reached skill level 4 in Fighting
 10206 | Orc:1    | Reached *** piety under Vehumet
 10286 | Orc:1    | Noticed an orc sorcerer
 10295 | Orc:1    | Noticed a sixfirhy
 10310 | Orc:1    | Slain by a sixfirhy

Skill      XL: |  1  2  3  4  5  6  7  8  9 10 11 |
---------------+----------------------------------+-----
Conjurations   | 2 3 4 5 7 8 10 11 12 | 12.4
Fire Magic     | 4 5 6 7 9 10 11 | 11.1
Shields        | 1 2 3 4 |  4.1
Spellcasting   | 3 4 5 7 |  7.9
Fighting       | 1 3 4 |  4.1
Dodging        | 3 4 5 |  5.1
Stealth        | |  2.0

Action                   |  1- 3 |  4- 6 |  7- 9 | 10-12 || total
-------------------------+-------+-------+-------+-------++-------
Melee: Unarmed           |     3 |       |       |       ||     3
       Peck              |     1 |     8 |    14 |    14 ||    37
       Broad axe         |       |    51 |       |       ||    51
       Kick              |       |    13 |    26 |    20 ||    59
       Dagger            |       |       |   127 |   115 ||   242
Throw: Throwing net      |       |       |       |     1 ||     1
 Cast: Flame Tongue      |    71 |    95 |    63 |    69 ||   298
       Sticky Flame      |       |     6 |    23 |    39 ||    68
       Fireball          |       |       |     7 |    26 ||    33
       Conjure Flame     |       |       |     3 |    10 ||    13
       Inner Flame       |       |       |     1 |       ||     1
 Abil: Fly               |       |       |       |     1 ||     1
Evoke: Wand              |       |       |     2 |       ||     2
  Use: Scroll            |       |       |     2 |    15 ||    17
 Stab: Sleeping          |       |     2 |     2 |       ||     4
  Eat: Chunk             |     3 |     9 |    31 |    36 ||    79
Armor: Robe              |     7 |    26 |    41 |    16 ||    90
Dodge: Dodged            |    19 |    98 |   200 |   108 ||   425
Block: Buckler           |       |       |    10 |    30 ||    40
